 Dungeon Crawl Stone Soup version 0.18-a0-1526-gcb34c7c (webtiles) character file.

44 Duffy the Chopper (level 3, 27/27 HPs)
             Began as a Demonspawn Gladiator on Mar 8, 2016.
             Quit the game on level 2 of the Dungeon.
             The game lasted 00:01:19 (1327 turns).

Duffy the Chopper (Demonspawn Gladiator)            Turns: 1327, Time: 00:01:20

Health: 27/27      AC: 10    Str: 16    XL:     3   Next: 39%
Magic:  3/3        EV:  7    Int:  9    God:
Gold:   58         SH:  0    Dex: 13    Spells: 0 memorised, 2 levels left

rFire  . . .     SeeInvis .     a - +0 war axe
rCold  . . .     Gourm    .     n - +0 chain mail
rNeg   + . .     Faith    .     (no shield)
rPois  .         Spirit   .     c - +0 helmet
rElec  .         Dismiss  .     (no cloak)
rCorr  .         Reflect  .     r - +0 pair of gloves
SustAt .         Harm     .     (no boots)
MR     .....                    (no amulet)
Stlth  ..........               (no ring)
                                j - ring of positive energy

@: not resistant to hostile enchantments, extremely unstealthy
A: demonic guardian 1, powered by death 1
a: no special abilities


You were on level 2 of the Dungeon.
You were not hungry.

You visited 1 branch of the dungeon, and saw 2 of its levels.

You collected 58 gold pieces.


Innate Abilities, Weirdness & Mutations

A weak demonic guardian rushes to your aid.
You regenerate a little health from kills.


   Skills:
 - Level 2.0 Fighting
 + Level 4.0 Axes
 - Level 1.7 Throwing
 - Level 2.6 Dodging


You had 2 spell levels left.
You didn't know any spells.

Inventory:

Hand Weapons
 a - a +0 war axe (weapon)
Missiles
 d - 3 throwing nets (quivered)
Armour
 b - a +0 leather armour
 c - a +0 helmet (worn)
 n - a +0 chain mail (worn)
 r - a +0 pair of gloves (worn)
Jewellery
 j - a ring of positive energy (left hand)
 o - an uncursed ring of ice
Scrolls
 k - 2 scrolls of teleportation {unknown}
 l - a scroll of enchant weapon {unknown}
 m - 3 scrolls of remove curse {unknown}
 p - a scroll of immolation {unknown}
Potions
 e - a potion of mutation {unknown}
 h - a potion of cancellation {unknown}
Comestibles
 f - 4 bread rations
 g - 2 slices of pizza
 i - a royal jelly
 s - a meat ration

Dungeon Overview and Level Annotations

Branches:
Dungeon (2/15)

Altars:
Gozag


Message History

No target in view!
No target in view!
No target in view!
No target in view!
No target in view!
No target in view!
No target in view!
s - a meat ration You feel less regenerative.
Found an escape hatch in the ceiling.
Eating one of 2 chunks of flesh.
This raw flesh tastes terrible.
You continue eating. x2
All of the chunks of flesh in your inventory have rotted away.
A goblin comes into view. It is wielding a dagger.
Found a stone staircase leading up.
A goblin is nearby!
The goblin hits you but does no damage.
You barely miss the goblin. The goblin hits you but does no damage.
You closely miss the goblin. The goblin hits you but does no damage.
The goblin closely misses you.
You completely miss the goblin. The goblin hits you but does no damage.
You miss the goblin. The goblin barely misses you.
You closely miss the goblin. The goblin completely misses you.
The goblin hits you but does no damage.
You slash the goblin!
You kill the goblin!
No target in view!
No target in view!
No target in view!
No target in view!
No target in view!
No target in view!
No target in view!
No target in view!
Are you sure you want to abandon this character and quit the game? (Confirm with "yes".)

.....## ##..##...###.#####.#.
8...8.#######....................
......#....##%.####..###.#####.##
.._......#.##..####..# #.#####.#
......#..#.....).....# #.......#
8...8.##.####.##.##.## #########
.....##..# #.......# ##.#######
####.#### ##..#.# #@# ##..#.###
#)# ........# #.# ###.....# #.#
#.....# .<. #.....# ..# #.....#
.## ####### #.


There were no monsters in sight!

Action                   || total
-------------------------++-------
Melee: War axe           ||   148
  Eat: Chunk             ||     2

Notes
Turn   | Place    | Note
--------------------------------------------------------------
     0 | D:1      | Duffy the Demonspawn Gladiator began the quest for the Orb.
     0 | D:1      | Reached XP level 1. HP: 16/16 MP: 1/1
    73 | D:2      | Reached skill level 3 in Axes
   393 | D:2      | Gained mutation: You regenerate a little health from kills. [demonic ancestry]
   393 | D:2      | Reached XP level 2. HP: 20/22 MP: 2/2
  1011 | D:2      | Gained mutation: A weak demonic guardian rushes to your aid. [demonic ancestry]
  1011 | D:2      | Reached XP level 3. HP: 27/27 MP: 3/3
  1184 | D:2      | Found an opulent altar of Gozag.
  1220 | D:2      | Reached skill level 4 in Axes
  1327 | D:2      | Quit the game

Vault maps used:
D:1:      lightli_molten_gateway
D:2:      grunt_gozag_statues, st_stairs_12, lexackson_kobold_supper

Vanquished Creatures
  A worm
  A dart slug
  A giant gecko
  3 giant cockroaches
  6 goblins
  6 hobgoblins
  6 kobolds
  6 bats
  5 rats
  A plant
36 creatures vanquished.
